 Dungeon Crawl Stone Soup version 0.31.0-12-g77e489cdc1 (webtiles) character file.

Game seed: 3216106069267463460

113134 Arex the Warrior (level 16, -13/183 HPs)
             Began as an Oni Fighter on Feb 20, 2024.
             Was the Champion of the Shining One.
             Killed from afar by a will-o-the-wisp (21 damage)
             ... with a foxfire
             ... on level 1 of the Swamp on Feb 21, 2024.
             The game lasted 00:57:09 (29416 turns).

Arex the Warrior (Oni Fighter)                     Turns: 29416, Time: 00:57:10

Health: -13/183    AC: 21    Str: 34    XL:     16   Next: 62%
Magic:  27/27      EV: 10    Int: 13    God:    the Shining One [******]
Gold:   1184       SH:  5    Dex: 10    Spells: 15/15 levels left

rFire   x . .        C - +5 giant spiked club (holy)
rCold   + . .        (shield currently unavailable)
rNeg    + + +        v - +0 shadow dragon scales of the Pink Corner {rF- rCorr Int+4 Dex+2 Stlth++++}
rPois   .            Q - +0 mask of the Dragon {Will+ Slay+3 SInv}
rElec   .            z - +2 cloak
rCorr   +            (gloves unavailable)
SInv    +            (boots unavailable)
Will    +++..        W - amulet of reflection
Stlth   +            p - ring "Asmazu Ninn" {Fly rC+ Will+ Str+4}
HPRegen 0.50/turn    R - +4 ring of slaying
MPRegen 0.20/turn

%: reflection
@: flying, glowing
A: large, unfitting armour, horns 1, tough skin 1, double potion healing,
drunken brawling
a: Renounce Religion, Divine Shield, Cleansing Flame, Summon Divine Warrior


You were on level 1 of the Swamp.
You worshipped the Shining One.
The Shining One was exalted by your worship.
You visited 5 branches of the dungeon, and saw 24 of its levels.
You also visited: Gauntlet.

You collected 2513 gold pieces.
You spent 1329 gold pieces at shops.

Inventory:

Hand Weapons
 C - a +5 giant spiked club of holy wrath (weapon)
Missiles
 s - a throwing net
 J - 26 large rocks (quivered)
 O - 13 javelins
Armour
 c - a +2 hat
 v - the +0 shadow dragon scales of the Pink Corner (worn) {rF- rCorr Int+4 Dex+2 Stlth++++}
   (You bought it in a shop on level 1 of the Dungeon)

   Int+4:     It affects your intelligence (+4).
   Dex+2:     It affects your dexterity (+2).
   rF-:       It makes you vulnerable to fire.
   rCorr:     It protects you from acid and corrosion.
   Stlth++++: It makes you much more stealthy.
 z - a +2 cloak (worn)
 Q - the +0 mask of the Dragon (worn) {Will+ Slay+3 SInv}
   (You found it in a Gauntlet)

   Slay+3:    It affects your accuracy & damage with ranged weapons and melee
   (+3).
   Will+:     It increases your willpower.
   SInv:      It lets you see invisible.
Jewellery
 b - an amulet of faith
 p - the ring "Asmazu Ninn" (left hand) {Fly rC+ Will+ Str+4}
   (You found it on level 4 of the Dungeon)

   [ring of flight]

   Str+4:     It affects your strength (+4).
   rC+:       It protects you from cold.
   Will+:     It increases your willpower.
   Fly:       It grants you flight.
 H - an amulet of guardian spirit
 R - a +4 ring of slaying (right hand)
 W - an amulet of reflection (around neck)
Wands
 a - a wand of flame (5)
 g - a wand of roots (14)
 x - a wand of quicksilver (9)
 F - a wand of mindburst (9)
 G - a wand of paralysis (12)
 K - a wand of polymorph (8)
 T - a wand of digging (3)
Scrolls
 e - a scroll of amnesia
 f - 2 scrolls of silence
 j - 17 scrolls of teleportation
 k - a scroll of enchant armour
 n - 6 scrolls of vulnerability
 q - a scroll of torment
 t - 4 scrolls of fog
 u - 5 scrolls of fear
 w - 3 scrolls of poison
 A - 2 scrolls of immolation
 L - a scroll of blinking
 U - 5 scrolls of identify
Potions
 d - 5 potions of enlightenment
 h - 11 potions of curing
 i - 5 potions of degeneration
 l - a potion of attraction
 m - a potion of magic
 o - 5 potions of brilliance
 r - 2 potions of haste
 B - 2 potions of berserk rage
 D - a potion of heal wounds
 I - 3 potions of invisibility
 M - 3 potions of mutation
 N - a potion of lignification
 P - 2 potions of ambrosia
 S - 2 potions of might


   Skills:
 + Level 17.4 Fighting
 * Level 16.7 Maces & Flails
 + Level 3.4 Throwing
 * Level 11.7 Armour
 - Level 9.8 Dodging
 - Level 2.9 Shields
 - Level 15.0 Invocations


You had 15 spell levels left.
You didn't know any spells.
Your spell library contained the following spells:

 Spells                   Type           Power      Damage    Failure   Level
 Apportation              Tloc           0%         N/A       69%         1
 Foxfire                  Conj/Fire      0%         2x1d4     69%         1
 Necrotise                Necr           0%         1d4       69%         1
 Sting                    Conj/Alch      0%         1d3       69%         1
 Summon Small Mammal      Summ           0%         N/A       69%         1
 Call Imp                 Summ           0%         N/A       83%         2
 Ensorcelled Hibernation  Hex/Ice        0%         N/A       83%         2
 Jinxbite                 Hex            0%         N/A       83%         2
 Sublimation of Blood     Necr           0%         N/A       83%         2
 Fugue of the Fallen      Necr           0%         N/A       96%         3
 Gell's Gravitas          Tloc           0%         N/A       96%         3
 Stone Arrow              Conj/Erth      0%         3d7       96%         3
 Summon Ice Beast         Ice/Summ       0%         N/A       96%         3
 Teleport Other           Tloc           0%         N/A       96%         3
 Anguish                  Hex/Necr       0%         N/A       100%        4
 Animate Armour           Summ/Erth      0%         N/A       100%        4
 Brom's Barrelling Bould  Conj/Erth      0%         2d3       100%        4
 Cause Fear               Hex            0%         N/A       100%        4
 Leda's Liquefaction      Alch/Erth      0%         N/A       100%        4
 Petrify                  Alch/Erth      0%         N/A       100%        4
 Alistair's Intoxication  Alch           0%         N/A       100%        5
 Borgnjor's Vile Clutch   Necr/Erth      0%         N/A       100%        5
 Fireball                 Conj/Fire      0%         3d3       100%        5
 Irradiate                Conj/Alch      0%         3d11      100%        5
 Iskenderun's Battlesphe  Conj           0%         2d6       100%        5
 Lee's Rapid Deconstruct  Erth           0%         3d4*      100%        5
 Summon Mana Viper        Hex/Summ       0%         N/A       100%        5
 Bombard                  Conj/Erth      0%         9d1       100%        6
 Conjure Ball Lightning   Conj/Air       0%         3x3d6     100%        6
 Dispersal                Tloc           0%         N/A       100%        6
 Eringya's Noxious Bog    Alch           0%         4d6       100%        6
 Plasma Beam              Fire/Air       0%         2x1d10    100%        6
 Starburst                Conj/Fire      0%         6d3       100%        6
 Monstrous Menagerie      Summ           0%         N/A       100%        7
 Orb of Destruction       Conj           0%         9d5       100%        7
 Summon Hydra             Summ           0%         N/A       100%        7
 Lehudib's Crystal Spear  Conj/Erth      0%         10d2      100%        8
 Dragon's Call            Summ           0%         N/A       100%        9


Dungeon Overview and Level Annotations

Branches:
Dungeon (15/15) Zot: 25813  Temple (1/1) D:4 Zot: 5998    Lair (5/5) D:8 Zot: 22241
  Swamp (1/4) Lair:2 Zot: 5945  Spider (0/4) Lair:3        Slime (0/5) Lair:5
    Orc (2/2) D:10 Zot: 7774     Elf (0/3) Orc:2        Vaults (0/5) D:14
 Depths (0/4) D:15        Gauntlet (visited)

Altars:
Ashenzari
Cheibriados
Dithmenos
Elyvilon
Fedhas
Gozag
Hepliaklqana
Kikubaaqudgha
Makhleb
Nemelex Xobeh
Okawaru
Qazlal
Ru
Sif Muna
Trog
Uskayaw
Vehumet
Wu Jian
Xom
Yredelemnul
Zin
The Shining One

Shops:
D:1 =(*   D:8 *   D:13 (   Orc:1 ?   Orc:2 !(((

Annotations:
D:7 2 runed translucent doors


Innate Abilities, Weirdness & Mutations

You are too large for most types of armour.
You have a pair of small horns on your head.
You have tough skin. (AC +1)
You gain doubled healing and magic from potions.
Whenever you drink a healing potion, you attack all around you.


Message History

The will-o-the-wisp gestures.
The will-o-the-wisp conjures some marshlight! 2 foxfires come into view.
You see here a bunyip corpse.
You completely miss the alligator. The foxfire hits you!
The fire burns you terribly!
* * * LOW HITPOINT WARNING * * *
The foxfire hits you but does no damage.
The alligator tail-slaps you but does no damage.
The alligator bites you but does no damage.
You barely miss the alligator. The alligator tail-slaps you.
* * * LOW HITPOINT WARNING * * *
The alligator bites you but does no damage.
The will-o-the-wisp gestures.
The will-o-the-wisp conjures some marshlight! 2 foxfires come into view.
You flatten the alligator like a pancake!!!
The alligator is severely wounded.
The foxfire hits you! The fire burns you terribly!
* * * LOW HITPOINT WARNING * * *
The foxfire hits you!! The fire burns you terribly!
* * * LOW HITPOINT WARNING * * *
The alligator tail-slaps you but does no damage.
The alligator bites you but does no damage.
The will-o-the-wisp gestures.
The will-o-the-wisp conjures some marshlight! 2 foxfires come into view.
Unknown command.
Blink to where?
Press: ? - help, Dir - move target
As you read the scroll of blinking, it crumbles to dust.
The foxfire moves out of view.
You savour every drop.
You feel better. The foxfire hits you!! The fire burns you terribly!
* * * LOW HITPOINT WARNING * * *
The will-o-the-wisp gestures.
The will-o-the-wisp conjures some marshlight! 2 foxfires come into view.
The foxfire hits you!! The fire burns you terribly!
You die...

♣♣~.♣ .♣♣[ ♣~~.♣♣...♣
♣.. ♣~~..♣..♣ ~ ♣...♣
♣~~~.♣.♣ ~♣ ♣.~.♣
♣.♣~.~~♣ ~. ♣♣.~~♣♣♣
♣~~~~<♣
~.♣♣♣.~~...♣♣♣♣.~~~~♣♣
♣....~~~~.♣.....~~~..♣
..~~.~~~...>~~~~@~~~~♣
~(~~...~.~~.~..v.~~~.♣
~.~$~~~~~..~♣♣v~.~.~~♣
...(...~..~~.§.~~~~...♣
~.........^§§§.~~.~...♣
.."...).§§§§♣♣.~~~....♣
.........vl♣§♣~~~♣.....♣
......§/§..~~........~.♣
....♣.♣..w..§~~.♣..~~~~


You could see an alligator and a will-o-the-wisp.

Vanquished Creatures
  Gastronok (Lair:1)
  Nessos (D:15)
  An eleionoma (Swamp:1)
  A dire elephant (D:15)
  A minotaur (Gauntlet)
  Snorg (Lair:5)
  A bunyip (Swamp:1)
  The ghost of Nubia the Covert, a journeyman GnEn (Lair:4)
  Fannar (Orc:1)
  A fire dragon (D:15)
  4 vault guards (D:14)
  An alligator (Lair:2)
  A ghost crab (Swamp:1)
  8 hydras
  2 boulder beetles
  3 catoblepae
  8 centaur warriors
  5 two-headed ogres
  A death knight (D:13)
  An orc high priest (Orc:1)
  A tengu warrior (D:15)
  9 death yaks
  Urug (Lair:5)
  Sonja (Lair:2)
  2 skysharks (Lair:4)
  7 skeletal warriors
  An arcanist (D:13)
  A spriggan druid (Swamp:1)
  A bog body (Swamp:1)
  Pikel (D:4)
  A deep elf pyromancer (D:13)
  A necromancer (Lair:5)
  4 lindwurms
  4 orc knights
  14 ugly things
  3 orc sorcerers
  5 manticores
  2 wolf spiders
  5 cyclopes
  9 black mambas
  9 elephants
  6 kobold blastminers
  2 torpor snails
  14 cane toads
  5 komodo dragons
  A gargoyle (D:13)
  6 rime drakes
  An efreet (D:14)
  3 polar bears
  8 trolls
  A wolf spider simulacrum (Gauntlet)
  Grinder (D:4)
  15 dream sheep
  2 hornets (Lair:5)
  9 blink frogs (Lair:5)
  4 jumping spiders (Lair:3)
  Sigmund (D:6)
  A shadow (D:9)
  A centaur simulacrum (Gauntlet)
  A wraith (D:12)
  A culicivora (Lair:3)
  9 wyverns
  Eustachio (D:6)
  39 yaks
  7 humans (D:14)
  2 steam dragons
  10 basilisks
  A neqoxec (Gauntlet)
  9 vampire mosquitoes
  2 chaos spawn (Gauntlet)
  Edmund (D:4)
  A death yak simulacrum (Lair:5)
  4 redbacks
  5 wargs
  Menkaure (D:7)
  A swamp worm (Swamp:1)
  50 water moccasins
  2 acid dragons
  8 hydra simulacra
  A swamp drake (Lair:2)
  A black bear (D:7)
  A meliai simulacrum (Gauntlet)
  2 ice beasts
  A sky beast (D:6)
  4 laughing skulls
  29 orc warriors
  5 ogres
  17 centaurs
  18 wolves
  A phantom (D:6)
  3 kobold brigands
  Blork the orc (D:6)
  3 gnoll sergeants
  14 bullfrogs
  3 scorpions
  3 elephant simulacra (Lair:5)
  4 electric eels
  2 bombardier beetles
  5 howler monkeys
  7 hounds
  4 orc priests
  3 gnoll boudas
  11 jellies
  4 sleepcaps
  Crazy Yiuf (D:6)
  An iguana (D:5)
  7 orc wizards
  A hell rat (Lair:5)
  A boggart simulacrum (Gauntlet)
  Robin (D:2)
  25 gnolls
  A river rat (D:3)
  18 adders
  2 white imps
  2 ufetubi (D:7)
  3 ribbon worms (D:3)
  2 dart slugs
  40 orcs
  9 endoplasms
  A giant cockroach (D:4)
  13 goblins
  10 hobgoblins
  28 kobolds
  5 quokkas
  5 ball pythons
  6 bats
  4 frilled lizards
  5 rats
700 creatures vanquished.

Vanquished Creatures (collateral kills)
  2 orc warlords
  2 orc sorcerers (Orc:2)
  4 orc warriors
8 creatures vanquished.

Vanquished Creatures (others)
  A vault guard (D:14)
  A swamp worm (Swamp:1)
  An orc warrior (Orc:1)
  An orc (Orc:2)
  12 foxfires (Swamp:1)
16 creatures vanquished.

Grand Total: 724 creatures vanquished

Notes
Turn   | Place    | Note
-------+----------+-------------------------------------------
     0 | D:1      | Arex the Oni Fighter began the quest for the Orb.
     0 | D:1      | Reached XP level 1. HP: 24/24 MP: 1/1
   105 | D:1      | Found Houcran's Weapon Emporium.
   112 | D:1      | Reached XP level 2. HP: 27/32 MP: 2/2
   213 | D:1      | Found a faded altar of an unknown god.
   231 | D:1      | Prayed at the altar of an unknown god.
   231 | D:1      | Became a worshipper of the Shining One
   231 | D:1      | Reached * piety under the Shining One
   357 | D:1      | Reached XP level 3. HP: 40/40 MP: 3/3
   378 | D:1      | Found Iresesyf's General Store.
   712 | D:1      | Found Mitiuh's Jewellery Boutique.
   971 | D:2      | Reached skill level 1 in Invocations
   971 | D:2      | Reached XP level 4. HP: 49/49 MP: 4/4
  1184 | D:2      | Noticed Robin
  1223 | D:2      | Killed Robin
  1635 | D:3      | Reached skill level 5 in Fighting
  1641 | D:3      | Reached XP level 5. HP: 20/57 MP: 6/6
  2737 | D:4      | Found a staircase to the Ecumenical Temple.
  2772 | Temple   | Entered the Ecumenical Temple
  2789 | D:4      | Identified the ring "Asmazu Ninn" {Fly rC+ Will+ Str+4}
  2806 | D:4      | Reached XP level 6. HP: 60/66 MP: 6/8
  2985 | D:4      | Reached skill level 6 in Fighting
  3396 | D:4      | Reached XP level 7. HP: 55/75 MP: 9/9
  3539 | D:4      | Noticed Edmund
  3558 | D:4      | HP: 3/75 [Edmund/+1 dire flail of protection (13)]
  3563 | D:4      | Killed Edmund
  4029 | D:4      | Noticed Pikel
  4043 | D:4      | Killed Pikel
  4044 | D:4      | Reached skill level 7 in Fighting
  4044 | D:4      | Reached skill level 5 in Maces & Flails
  4044 | D:4      | Reached skill level 5 in Dodging
  4044 | D:4      | Reached skill level 5 in Invocations
  4044 | D:4      | Reached XP level 8. HP: 25/87 MP: 7/11
  4069 | D:4      | Noticed Grinder
  4478 | D:5      | Entered Level 5 of the Dungeon
  4537 | D:5      | Identified the +6 flail "Kucwega" {freeze, *Corrode +Blink
                  | rPois Dex+2}
  4751 | D:5      | HP: 3/88 [burnt (4)]
  5917 | D:5      | Reached skill level 8 in Fighting
  6097 | D:4      | Killed Grinder
  6098 | D:4      | Reached XP level 9. HP: 92/97 MP: 10/13
  6133 | D:6      | Found a shadowy altar of Dithmenos.
  6165 | D:6      | Noticed Sigmund
  6189 | D:6      | Killed Sigmund
  6279 | D:6      | Reached skill level 9 in Fighting
  6289 | D:6      | Noticed Blork the orc
  6295 | D:6      | Killed Blork the orc
  6312 | D:6      | Reached ** piety under the Shining One
  6487 | D:6      | Found a runed translucent door.
  6488 | D:6      | Noticed Crazy Yiuf
  6592 | D:6      | Noticed Eustachio
  6605 | D:6      | Killed Eustachio
  6631 | D:6      | Found a snail-covered altar of Cheibriados.
  6631 | D:6      | Found an ancient bone altar of Kikubaaqudgha.
  6638 | D:6      | Found a shimmering altar of Xom.
  6640 | D:6      | Found a shimmering blue altar of Sif Muna.
  6642 | D:6      | Found a glowing silver altar of Zin.
  6970 | D:6      | Killed Crazy Yiuf
  7143 | D:7      | Reached XP level 10. HP: 90/110 MP: 14/16
  7262 | D:7      | Reached skill level 10 in Fighting
  7271 | D:7      | Noticed Menkaure
  7285 | D:7      | Killed Menkaure
  7334 | D:7      | Found a runed translucent door.
  7335 | D:7      | Found a runed translucent door.
  7761 | D:8      | Noticed a two-headed ogre
  7771 | D:8      | Killed a two-headed ogre
  7818 | D:8      | You are sucked into a shaft and drop 2 floors!
  7818 | D:10     | Entered Level 10 of the Dungeon
  7919 | D:9      | Reached *** piety under the Shining One
  8300 | D:9      | Reached skill level 11 in Fighting
  8894 | D:8      | Noticed a two-headed ogre
  8904 | D:8      | Killed a two-headed ogre
  9114 | D:8      | Found Qeominuc's Demolitions Depot.
  9361 | D:8      | Found a staircase to the Lair.
  9716 | D:8      | Identified the +0 scale mail "Akhuenoh" {rPois}
 10004 | Lair:1   | Entered Level 1 of the Lair of Beasts
 10016 | Lair:1   | Reached XP level 11. HP: 108/120 MP: 18/18
 10315 | Lair:1   | Noticed a death yak
 10329 | D:8      | Killed a death yak
 10330 | D:8      | Reached skill level 10 in Invocations
 10452 | Lair:1   | Reached skill level 12 in Fighting
 10549 | Lair:1   | Noticed Gastronok
 10572 | Lair:1   | Killed Gastronok
 11177 | Lair:1   | Noticed a lindwurm
 11185 | Lair:1   | Killed a lindwurm
 11466 | Lair:2   | Noticed Sonja
 11568 | Lair:1   | Reached skill level 10 in Maces & Flails
 11765 | Lair:2   | Reached XP level 12. HP: 104/133 MP: 20/20
 11981 | Lair:2   | Reached skill level 13 in Fighting
 12153 | Lair:3   | Noticed a death yak
 12154 | Lair:3   | Noticed a death yak
 12154 | Lair:3   | Noticed a death yak
 12216 | Lair:2   | Killed Sonja
 12425 | Lair:2   | Noticed a catoblepas
 12746 | D:10     | Found a staircase to the Orcish Mines.
 12987 | D:10     | Identified the +8 quarterstaff of the Hundredfold Spines
                  | {protect, SInv}
 13105 | D:10     | Noticed a centaur warrior
 13118 | D:10     | Killed a centaur warrior
 13448 | Orc:1    | Entered Level 1 of the Orcish Mines
 13607 | Orc:1    | Noticed a sun demon
 13620 | Orc:1    | Noticed Fannar
 13650 | Orc:1    | Killed Fannar
 13865 | Orc:1    | Noticed an orc high priest
 13899 | Orc:1    | Killed an orc high priest
 14410 | Orc:1    | Found Gegaffo's Magic Scroll Shoppe.
 14443 | Orc:2    | Entered Level 2 of the Orcish Mines
 14717 | D:1      | Bought the +0 shadow dragon scales of the Pink Corner {rF-
                  | rCorr Int+4 Dex+2 Stlth++++} for 982 gold pieces
 14933 | Lair:1   | Reached skill level 1 in Armour
 15019 | Lair:2   | Killed a catoblepas
 15228 | Lair:2   | Found a staircase to the Swamp.
 15228 | Lair:2   | Noticed an alligator
 15347 | Lair:2   | Killed an alligator
 15440 | Lair:2   | Noticed a seven-headed hydra
 15453 | Lair:2   | Killed a seven-headed hydra
 15454 | Lair:2   | Reached skill level 14 in Fighting
 15454 | Lair:2   | Reached XP level 13. HP: 60/146 MP: 22/22
 16185 | Lair:3   | Found a hole to the Spider Nest.
 16784 | Lair:4   | Found a transporter.
 16786 | Lair:4   | Reached **** piety under the Shining One
 17047 | D:1      | Bought a scroll of amnesia for 40 gold pieces
 17047 | D:1      | Bought a potion of attraction for 30 gold pieces
 17047 | D:1      | Bought 4 large rocks for 60 gold pieces
 17288 | Lair:4   | Noticed Nubia's ghost (journeyman GnEn)
 17475 | Lair:4   | Reached skill level 5 in Armour
 17865 | Lair:4   | Found a transporter.
 18133 | Lair:4   | Killed Nubia's ghost
 18227 | Lair:5   | Entered Level 5 of the Lair of Beasts
 18287 | Lair:5   | Found a staircase to the Slime Pits.
 18311 | Lair:5   | Reached XP level 14. HP: 155/157 MP: 23/23
 18315 | Lair:5   | Reached skill level 15 in Fighting
 19098 | Lair:5   | Noticed Snorg
 19104 | Lair:5   | Killed Snorg
 19110 | Lair:5   | Found an ornate altar of the Wu Jian Council.
 19389 | Lair:5   | Reached ***** piety under the Shining One
 19641 | Lair:5   | Noticed Urug
 19651 | Lair:5   | Killed Urug
 19735 | Lair:5   | Identified the +2 shortbow "Erutetei" {heavy, Will+ rCorr}
 20026 | Lair:5   | Reached XP level 15. HP: 131/169 MP: 25/25
 20346 | Lair:5   | Reached skill level 16 in Fighting
 20621 | Orc:1    | Bought a scroll of teleportation for 45 gold pieces
 20621 | Orc:1    | Bought a scroll of identify for 30 gold pieces
 20621 | Orc:1    | Bought a scroll of enchant weapon for 112 gold pieces
 20622 | Orc:1    | Bought a scroll of identify for 30 gold pieces
 20672 | Orc:2    | Noticed an orc warlord
 21912 | Orc:2    | Reached skill level 15 in Maces & Flails
 21923 | Orc:2    | Found Liybeygecish's Weapon Shop.
 21923 | Orc:2    | Found Cifostie's Antique Weapon Emporium.
 21925 | Orc:2    | Found Pufut's Distillery.
 21927 | Orc:2    | Found Piant's Weapon Boutique.
 22628 | Orc:1    | Killed an orc warlord
 22695 | Orc:2    | Noticed an orc warlord
 22974 | Orc:2    | Found a staircase to the Elven Halls.
 23300 | Orc:2    | Killed an orc warlord
 23999 | D:11     | Found a gate leading to a gauntlet.
 24005 | Gauntlet | Entered a Gauntlet
 24005 | Gauntlet | Found a transporter.
 24005 | Gauntlet | Found a transporter.
 24017 | Gauntlet | Found a transporter.
 24017 | Gauntlet | Found the +0 mask of the Dragon {Will+ Slay+3 SInv}
 24020 | Gauntlet | Found a transporter.
 24024 | Gauntlet | Found a runed translucent door.
 24026 | Gauntlet | Found a runed translucent door.
 24028 | Gauntlet | Found a transporter.
 24031 | Gauntlet | Found a transporter.
 24039 | Gauntlet | Found a transporter.
 24062 | Gauntlet | Found a transporter.
 24077 | Gauntlet | Found a transporter.
 24081 | Gauntlet | Found a transporter.
 24091 | Gauntlet | Found a transporter.
 24093 | Gauntlet | Found a transporter.
 25385 | D:12     | Reached skill level 10 in Armour
 25501 | D:12     | Reached ****** piety under the Shining One
 26096 | D:12     | Identified a +5 giant spiked club of holy wrath (a +3 giant
                  | spiked club of electrocution blessed by the Shining One)
 26096 | D:12     | Received a gift from the Shining One
 26143 | D:13     | Found Diphis's Weapon Boutique.
 26848 | D:13     | Reached XP level 16. HP: 182/182 MP: 27/27
 26928 | D:13     | Reached skill level 15 in Invocations
 27336 | D:14     | Reached skill level 1 in Throwing
 27368 | D:14     | Reached skill level 17 in Fighting
 27944 | D:14     | Found a gate to the Vaults.
 28131 | D:15     | Entered Level 15 of the Dungeon
 28924 | D:15     | Noticed Nessos
 28928 | D:15     | Killed Nessos
 29140 | D:15     | Found a staircase to the Depths.
 29364 | Swamp:1  | Entered Level 1 of the Swamp
 29414 | Swamp:1  | HP: 7/183 [will-o-the-wisp/foxfire (18)]
 29416 | Swamp:1  | Killed from afar by a will-o-the-wisp

Illustrated notes

Levels and vault maps discovered:
D:1:      amcnicky_arrival_abandoned_market, layout_loops_ring, serial_shops,
          shop, shop, nicolae_shop_just_a_little_nook,
          hellmonk_ecumenical_altar_crossroads
D:2:      layout_loops_ring, uniq_robin
D:3:      layout_basic, lightli_sewer_entry_pipes, kennysheep_doodads
D:4:      layout_basic, temple_pool_b, nicolae_figureground_pulse, uniq_edmund,
          uniq_pikel, uniq_grinder
D:5:      nicolae_cairo_tiling, layout_basic, corexii_hall_statues_s,
          chequers_serial_rivers_room_a
D:6:      layout_basic, chequers_temple_overflow_minitemple,
          grunt_dithmenos_smoke, uniq_blork_the_orc, uniq_eustachio,
          uniq_sigmund, uniq_crazy_yiuf_cottage
D:7:      lemuel_insect_pit, layout_gridville, minivault_19, uniq_menkaure
D:8:      layout_layer_cave, dpeg_oklobed_lair, nicolae_blasting_shop
D:9:      layout_basic, grunt_ministairs_7, nicolae_water_bricks
D:10:     layout_roguey, minmay_orc_entry_guard_dogs, serial_rivers,
          chequers_serial_rivers_micro_d, chequers_serial_rivers_small_3,
          chequers_serial_rivers_room_a, chequers_serial_rivers_room_b,
          chequers_serial_rivers_room_a
D:11:     layout_layer_cave, gauntlet_entry_generic, due_unseen_surprise
D:12:     layout_layer_cave
D:13:     lemuel_reptile_caves, layout_gridville, serial_shops, shop
D:14:     layout_irregular_city, ximxim_vaults_locker_room
D:15:     hangedman_depths_entry_try_elsewhere_first, layout_loops_ring,
          minmay_misc_feat_pillars, moated_statue, uniq_nessos
Temple:   compressed_dpeg_triangle_lava_temple
Lair:1:   layout_chaotic_city, st_stairs_7, nicolae_lair_lindhole,
          serial_bayou_shore_b, uniq_gastronok
Lair:2:   layout_chaotic_city, mainiacjoe_swamp_entry_lozenge_pond, uniq_sonja
Lair:3:   layout_regular_city, nicolae_spider_entry_tight_spaces,
          serial_bayou_shore_a, infiniplex_staircase_pool, lemuel_fruit_tree
Lair:4:   layout_roguey, nzn_ghost_randoct, chequers_serial_rivers_micro_b,
          kennysheep_basilisk_garden
Lair:5:   hangedman_lair_in_review, layout_cave_pods,
          hangedman_lair_tendril_chambers, minmay_slime_entry_jelly_boxes,
          basic_altar, portal_ice_cave_entry_pillars_2,
          lightli_volcano_entry_magma_tube, eino_house_with_fridge, uniq_snorg,
          uniq_urug
Swamp:1:  layout_falls_marsh, nicolae_swamp_round_clearing
Orc:1:    layout_caves, serial_shops, nicolae_shop_pleasant_corner_grove,
          uniq_fannar
Orc:2:    st_orc_rangers, layout_caves

Skill      XL: |  1  2  3  4  5  6  7  8  9 10 11 12 13 14 15 16 |
---------------+-------------------------------------------------+-----
Dodging        | 3 4 5 6 8 9 |  9.8
Invocations    | 1 2 3 5 6 8 9 11 12 13 14 15 | 15.0
Fighting       | 5 6 7 8 9 11 12 14 15 16 17 | 17.4
Maces & Flails | 3 5 7 8 10 11 13 14 15 16 | 16.7
Armour         | 2 6 8 10 11 | 11.7
Throwing       | 3 |  3.4
Shields        | |  2.9

Action                     |  1- 3 |  4- 6 |  7- 9 | 10-12 | 13-15 | 16-18 || total
---------------------------+-------+-------+-------+-------+-------+-------++-------
  Melee: Flail             |    64 |   138 |    32 |       |       |       ||   234
         Headbutt          |     6 |    28 |    44 |   127 |   178 |    48 ||   431
         Giant club        |       |       |    17 |       |       |       ||    17
         Whip              |       |       |   173 |   352 |       |       ||   525
         Punch             |       |       |     3 |     4 |       |       ||     7
         Giant spiked club |       |       |       |    83 |   748 |   159 ||   990
  Throw: Large rock        |       |       |       |       |     5 |    15 ||    20
 Invoke: Divine Shield     |       |     2 |     4 |     2 |     5 |       ||    13
         Cleansing Flame   |       |       |       |     2 |     5 |       ||     7
         Summon Divine War |       |       |       |       |     2 |       ||     2
         Brand Weapon With |       |       |       |       |     1 |       ||     1
  Evoke: Wand              |       |       |     1 |     7 |     2 |     7 ||    17
    Use: Scroll            |       |     3 |     5 |     9 |    14 |     1 ||    32
         Potion            |       |     1 |     4 |     3 |     2 |     2 ||    12
 Armour: Robe              |    37 |    92 |   127 |   287 |       |       ||   543
         Shadow dragon sca |       |       |       |    57 |  1106 |   200 ||  1363
  Dodge: Dodged            |    17 |    46 |   105 |   247 |   690 |    74 ||  1179
  Block: Kite shield       |    28 |    91 |    39 |       |       |       ||   158
         Other             |       |       |    11 |     2 |    23 |     9 ||    45
         Reflection        |       |       |       |       |       |     1 ||     1
